 Dungeon Crawl Stone Soup version 0.21.0-25-ge575cb9ce8 (webtiles) character file.

33338 Gargoyl the Cleaver (level 13, -1/108 HPs)
             Began as a Centaur Abyssal Knight on Jan 23, 2018.
             Was a High Priest of Lugonu.
             Slain by Stone's ghost (19 damage)
             ... on level 3 of the Lair of Beasts.
             The game lasted 00:33:45 (21246 turns).

Gargoyl the Cleaver (Centaur Abyssal Knight)       Turns: 21246, Time: 00:33:47

Health: -1/108     AC: 22    Str: 17    XL:     13   Next: 36%
Magic:  16/20      EV:  7    Int: 11    God:    Lugonu [*****.]
Gold:   935        SH:  0    Dex: 14    Spells: 12/12 levels left

rFire    + . .     SeeInvis .   u - +5 battleaxe
rCold    . . .     Gourm    .   (shield currently unavailable)
rNeg     . . .     Faith    .   d - +2 plate armour
rPois    .         Spirit   .   Q - +0 helmet
rElec    .         Reflect  .   v - +0 cloak
rCorr    .         Harm     .   C - +2 pair of gloves
MR       .....     Clarity  +   (no barding)
Stlth    ..........             r - amulet of rage
HPRegen  0.28/turn              B - +3 ring of evasion
MPRegen  0.17/turn              D - ring of protection from fire

@: lethally poisoned (-1 -> -39), berserk cooldown, very quick
A: large, hooves 3, yellow scales 1, agile 1, clarity, deformed body, speed 2,
tough skin 3
a: Depart the Abyss, Bend Space, Banish, Corrupt, Enter the Abyss, Renounce
Religion, Evoke Berserk Rage


You were on level 3 of the Lair of Beasts.
You worshipped Lugonu.
Lugonu was extremely pleased with you.
You were very hungry.

You visited 2 branches of the dungeon, and saw 14 of its levels.
You visited the Abyss 2 times.

You collected 935 gold pieces.

Inventory:

Hand Weapons
 a - a +1 hand axe
 p - a +4 war axe
 u - a +5 battleaxe (weapon)
 O - the +5 long sword of Causu {flame, rF++}
   (You found it on level 2 of the Lair of Beasts)

   It has been specially enchanted to burn those struck by it, causing extra
   injury to most foes and up to half again as much damage against particularly
   susceptible opponents.
   Big, fiery blades are also staple armaments of hydra-hunters.
   It greatly protects you from fire.
Missiles
 n - 5 silver tomahawks (quivered)
Armour
 d - a +2 plate armour (worn)
 v - a +0 cloak (worn)
 C - a +2 pair of gloves (worn)
 Q - a +0 helmet (worn)
Jewellery
 r - an amulet of rage (around neck)
 B - a +3 ring of evasion (left hand)
 D - a ring of protection from fire (right hand)
 G - an uncursed ring of positive energy
Wands
 l - a wand of flame (30)
 y - a wand of iceblast (4)
 E - a wand of paralysis (4)
 H - a wand of scattershot (14)
 K - a wand of acid (6)
Scrolls
 b - a scroll of identify
 i - 3 scrolls of fog
 k - 7 scrolls of remove curse
 z - 4 scrolls of teleportation
 J - a scroll of blinking
 P - a scroll of amnesia
Potions
 f - a potion of heal wounds
 g - 4 potions of agility
 h - 3 potions of flight
 j - a potion of magic
 m - 3 potions of curing
 o - 2 potions of lignification
 q - a potion of resistance {unknown}
 t - 2 potions of brilliance
 w - 4 potions of haste
 x - a potion of might
 N - a potion of ambrosia {unknown}
Books
 A - a book of Necromancy

   Spells                             Type                      Level
   a - Pain                           Necromancy                   1
   b - Animate Skeleton               Necromancy                   1
   c - Vampiric Draining              Necromancy                   3
   d - Regeneration                   Charms/Necromancy            3
   e - Animate Dead                   Necromancy                   4
   f - Borgnjor's Vile Clutch         Necromancy/Earth             5
 L - a book of Battle

   Spells                             Type                      Level
   a - Infusion                       Charms                       1
   b - Shroud of Golubria             Charms/Translocation         2
   c - Song of Slaying                Charms                       2
   d - Spectral Weapon                Hexes/Charms                 3
   e - Regeneration                   Charms/Necromancy            3
 M - Socir's Incunabulum of Transmutation and the Frostbite
   (You found it on level 1 of the Lair of Beasts)

   Spells                             Type                      Level
   a - Beastly Appendage              Transmutation                1
   b - Ensorcelled Hibernation        Hexes/Ice                    2
   c - Sticks to Snakes               Transmutation                2
   d - Ignite Poison                  Fire/Transmutation/Poison    3
   e - Irradiate                      Conjuration/Transmutation    5
   f - Simulacrum                     Ice/Necromancy               6
Comestibles
 c - 19 rations
 s - 8 chunks of flesh


   Skills:
 + Level 8.6 Fighting
 + Level 11.5 Axes
 + Level 2.8 Throwing
 * Level 10.1 Armour
 + Level 2.1 Dodging
 * Level 10.3 Invocations
 + Level 3.3 Evocations


You had 12 spell levels left.
You didn't know any spells.

Dungeon Overview and Level Annotations

Branches:
Dungeon (11/15)            Temple (0/1) D:7            Lair (3/6) D:11
  Snake (0/4) Lair:2          Orc (0/2) D:10
  Swamp: Lair:2-4    Shoals: Lair:2-4

Altars:
Dithmenos
Gozag
Kikubaaqudgha
Nemelex Xobeh
Okawaru
Ru
Sif Muna
Uskayaw
Beogh

Shops:
D:7 *

Annotations:
Lair:3 Stone's ghost, journeyman GnHu


Innate Abilities, Weirdness & Mutations

You have hooves in place of feet.
Armour fits poorly on your strangely shaped body.
You cover ground very quickly.
You have extremely tough skin. (AC +3)
You are partially covered in yellow scales. (AC +2)
You are agile. (Dex +2)
You possess an exceptional clarity of mind.


Message History

You feel much better.
You feel yourself speed up.
You feel very sick. Stone's ghost hits you!
* * * LOW HITPOINT WARNING * * *
You are lethally poisoned!
Stone's ghost points at you and mumbles some strange words.
The ball explodes into a vile cloud!
The stinking cloud engulfs you!
The stinking cloud engulfs Stone's ghost.
Stone's ghost appears unharmed.
Press: ? - help, Shift-Dir - straight line, f - Stone's ghost
Aim: Stone's ghost, wielding a weapon of venom (noxious fumes, severely damaged, chance to defeat MR: 40%) Stone's ghost resists with some effort.
You are feeling very hungry.
You are engulfed in noxious fumes.
You choke on the stench!
You feel momentarily confused.
* * * LOW HITPOINT WARNING * * *
x2 You feel very sick.
Stone's ghost hits you!!
You die...

....PP.P####)..(....(.
.....#.## ##..#######
.....### ##..####
.##'.# #P...#.###
###.## ###......#
##..## ######.#....##
#.#..# #............#
#...##
#.....§§§.$..##. ##.##
#.....§@§.......$ ##.#
#.....§W........# #..#
#.............####
#..# ##............#
.>.# ##.P#.....##.#
..## #######.P# ##
#.## #.## ...# #.#
.#####


You could see Stone's ghost.

Vanquished Creatures
  A rakshasa (D:8)
  Erolcha (D:9)
  2 two-headed ogres
  Nergalle (Lair:3)
  A cyclops (D:9)
  The ghost of grerr the Chopper, a novice DDFi (D:5)
  A black mamba (Lair:2)
  A centaur skeleton (D:11)
  5 spiny frogs
  An efreet (D:10)
  2 komodo dragons
  3 trolls (D:10)
  Grinder (D:4)
  5 blink frogs (Lair:2)
  3 dream sheep (Lair:3)
  2 hippogriffs
  A spriggan (D:7)
  4 wraiths
  21 yaks
  A wyvern (D:11)
  2 basilisks (D:11)
  A steam dragon (D:11)
  4 hungry ghosts
  Menkaure (D:4)
  A small abomination (Abyss:1)
  Edmund (D:5)
  A two-headed ogre zombie (D:10)
  3 porcupines
  A water moccasin (Lair:1)
  A black bear (D:9)
  An eye of draining (D:10)
  5 orc warriors
  3 ice beasts
  3 ogres
  A sky beast (D:9)
  2 phantoms
  5 centaurs
  7 crocodiles
  An elf zombie (D:8)
  8 bullfrogs
  A gnoll sergeant (D:10)
  A wyvern skeleton (D:9)
  2 scorpions
  4 troll zombies (D:10)
  9 wights
  An electric eel (Lair:1)
  5 crimson imps
  2 bullfrog zombies
  3 centaur zombies
  2 hounds
  2 jellies
  8 orc priests
  4 human zombies (D:8)
  6 orc wizards
  5 iguanas
  A human skeleton (D:8)
  10 worker ants
  3 ogre zombies (D:10)
  A hound zombie (D:7)
  2 hound skeletons
  A mummy (D:8)
  11 gnolls
  13 adders
  A howler monkey skeleton (D:7)
  A shadow imp (D:7)
  2 oozes
  An adder zombie (D:8)
  2 adder skeletons
  A worm (D:2)
  3 dart slugs
  3 leopard geckos
  75 orcs
  3 ball pythons
  3 giant cockroaches
  7 goblins
  10 hobgoblins
  2 jackals (D:8)
  2 quokkas
  11 bats
  4 frilled lizards
  3 goblin zombies (D:10)
  3 hobgoblin zombies (D:10)
  6 kobolds
  3 orc skeletons
  17 orc zombies (D:10)
  9 rats
379 creatures vanquished.

Vanquished Creatures (collateral kills)
  Fannar (Lair:3)
  A bullfrog (Lair:3)
  2 fungi (Lair:3)
4 creatures vanquished.

Vanquished Creatures (others)
  A dream sheep (Lair:3)
  An orc warrior (D:10)
  3 fungi (Lair:2)
  A plant (Lair:2)
6 creatures vanquished.

Grand Total: 389 creatures vanquished

Notes
Turn   | Place    | Note
-------+----------+-------------------------------------------
     0 | Abyss:1  | Gargoyl the Centaur Abyssal Knight began the quest for the Orb.
     0 | Abyss:1  | Reached XP level 1. HP: 19/19 MP: 2/2
    12 | Abyss:2  | Noticed a smoke demon
    12 | D:1      | Escaped the Abyss
   252 | D:1      | Reached skill level 2 in Axes
   258 | D:1      | Reached XP level 2. HP: 11/26 MP: 3/3
   540 | D:1      | Reached * piety under Lugonu
  1027 | D:1      | Reached XP level 3. HP: 25/31 MP: 4/4
  1851 | D:2      | Reached XP level 4. HP: 21/38 MP: 5/5
  2319 | D:2      | Reached ** piety under Lugonu
  2812 | D:3      | Reached XP level 5. HP: 18/46 MP: 6/6
  3112 | D:3      | Reached skill level 3 in Axes
  4037 | D:4      | Noticed a phantom
  4140 | D:4      | Reached XP level 6. HP: 32/52 MP: 8/8
  4344 | D:4      | Noticed Grinder
  4344 | D:4      | Paralysed by Grinder for 2 turns
  4359 | D:4      | Paralysed by Grinder for 3 turns
  4369 | D:4      | Killed Grinder
  4369 | D:4      | Reached skill level 4 in Axes
  4369 | D:4      | Reached XP level 7. HP: 37/59 MP: 9/9
  4642 | D:4      | You fall through a shaft for 2 floors!
  4922 | D:5      | Entered Level 5 of the Dungeon
  4962 | D:4      | Noticed Menkaure
  4969 | D:4      | Killed Menkaure
  5590 | D:5      | Found a deep blue altar of Sif Muna.
  5590 | D:5      | Found a sparkling altar of Nemelex Xobeh.
  5590 | D:5      | Found a hide-covered altar of Uskayaw.
  5593 | D:5      | Found an iron altar of Okawaru.
  5745 | D:5      | Noticed grerr's ghost (novice DDFi)
  5750 | D:5      | Reached skill level 5 in Axes
  5750 | D:5      | Reached XP level 8. HP: 36/67 MP: 11/11
  6015 | D:5      | Killed grerr's ghost
  6015 | D:5      | Reached skill level 1 in Dodging
  6071 | D:5      | Reached skill level 5 in Armour
  6193 | D:5      | Noticed Edmund
  6215 | D:5      | Killed Edmund
  6215 | D:5      | Reached skill level 5 in Fighting
  6448 | D:5      | Reached *** piety under Lugonu
  6956 | D:6      | Reached skill level 6 in Axes
  6956 | D:6      | Reached skill level 1 in Evocations
  7443 | D:7      | Found a staircase to the Ecumenical Temple.
  7444 | D:7      | Noticed a hippogriff
  7449 | D:7      | Reached skill level 5 in Invocations
  7465 | D:7      | Killed a hippogriff
  7465 | D:7      | Reached XP level 9. HP: 19/74 MP: 12/12
  8431 | D:7      | Found Gozag's Platinum Reserve.
  8434 | D:7      | Found an opulent altar of Gozag.
  8474 | D:7      | Found a shadowy altar of Dithmenos.
  8878 | D:8      | Noticed a two-headed ogre
  8925 | D:7      | Killed a two-headed ogre
  8925 | D:7      | Reached skill level 7 in Axes
  9577 | D:8      | Noticed a two-headed ogre
  9582 | D:8      | Killed a two-headed ogre
  9582 | D:8      | Reached skill level 8 in Axes
  9582 | D:8      | Reached XP level 10. HP: 83/83 MP: 14/14
 10183 | D:8      | Reached **** piety under Lugonu
 10198 | D:8      | Found an ancient bone altar of Kikubaaqudgha.
 11158 | D:8      | Found a sacrificial altar of Ru.
 11488 | D:9      | Noticed Erolcha
 11488 | D:9      | Cast into level 1 of the Abyss (Erolcha)
 11660 | Abyss:2  | Noticed an orange demon
 11660 | D:9      | Escaped the Abyss
 11948 | D:9      | Found an iron altar of Okawaru.
 11956 | D:9      | Noticed a cyclops
 12149 | D:9      | Killed a cyclops
 12149 | D:9      | Reached skill level 9 in Axes
 12214 | D:9      | Noticed a rakshasa
 12310 | D:8      | Killed a rakshasa
 12609 | D:9      | Paralysed by Erolcha for 4 turns
 12619 | D:9      | Killed Erolcha
 12619 | D:9      | Reached XP level 11. HP: 86/91 MP: 16/16
 13131 | D:10     | Entered Level 10 of the Dungeon
 13443 | D:10     | Found a staircase to the Orcish Mines.
 14327 | D:10     | Reached ***** piety under Lugonu
 14440 | D:10     | Got a twisted hunting sling {velocity}
 14441 | D:10     | Identified the +10 hunting sling of Cobwebs {velocity, *Drain rPois rN+} (You took it off an orc on level 10 of the Dungeon)
 15043 | D:10     | Reached skill level 10 in Axes
 16165 | D:11     | Found a roughly hewn altar of Beogh.
 16954 | D:11     | Found a staircase to the Lair.
 17495 | Lair:1   | Entered Level 1 of the Lair of Beasts
 18102 | Lair:1   | Reached XP level 12. HP: 100/100 MP: 18/18
 18103 | Lair:1   | Reached XP level 13. HP: 107/107 MP: 18/20
 18545 | Lair:1   | Identified Socir's Incunabulum of Transmutation and the Frostbite
 18955 | Lair:2   | Reached skill level 11 in Axes
 19204 | Lair:2   | Reached skill level 10 in Invocations
 19546 | Lair:2   | Got a steaming long sword
 19547 | Lair:2   | Identified the +5 long sword of Causu {flame, rF++} (You found it on level 2 of the Lair of Beasts)
 19826 | Lair:2   | Reached skill level 10 in Armour
 20343 | Lair:2   | Found a staircase to the Snake Pit.
 20933 | Lair:3   | Noticed Fannar
 20946 | Lair:3   | Killed Fannar
 21008 | Lair:3   | Noticed Nergalle
 21021 | Lair:3   | Killed Nergalle
 21092 | Lair:3   | Gained mutation: You are partially covered in yellow scales. (AC +2) [potion of mutation]
 21092 | Lair:3   | Gained mutation: You are agile. (Dex +2) [potion of mutation]
 21092 | Lair:3   | Gained mutation: You possess an exceptional clarity of mind. [potion of mutation]
 21211 | Lair:3   | Noticed Stone's ghost (journeyman GnHu)
 21246 | Lair:3   | Slain by Stone's ghost

Skill      XL: |  1  2  3  4  5  6  7  8  9 10 11 12 13 |
---------------+----------------------------------------+-----
Axes           | 2 3 4 5 6 8 9 10 11 | 11.5
Armour         | 2 3 4 5 7 8 9 10 | 10.1
Fighting       | 4 5 6 7 8 |  8.6
Invocations    | 3 4 5 6 7 8 9 10 | 10.3
Dodging        | 1 2 |  2.1
Evocations     | 1 2 3 |  3.3
Throwing       | 2 |  2.8

Action                   |  1- 3 |  4- 6 |  7- 9 | 10-12 | 13-15 || total
-------------------------+-------+-------+-------+-------+-------++-------
Melee: Hand axe          |   157 |    47 |       |       |       ||   204
       Kick              |    16 |    36 |    52 |   168 |    41 ||   313
       War axe           |       |   116 |   249 |   429 |       ||   794
       Battleaxe         |       |       |       |   144 |   140 ||   284
Throw: Tomahawk          |       |       |       |    12 |    15 ||    27
Invok: Depart the Abyss  |     1 |       |       |     1 |       ||     2
       Banish            |       |       |       |     1 |     1 ||     2
 Abil: Evoke Berserk Rag |       |       |     4 |    11 |     2 ||    17
Evoke: Wand              |       |       |     7 |     2 |       ||     9
  Use: Potion            |       |     1 |       |     2 |     5 ||     8
       Scroll            |       |     9 |    12 |    12 |     5 ||    38
 Stab: Confused          |       |       |       |     1 |     1 ||     2
  Eat: Chunk             |     2 |     7 |    15 |    22 |     6 ||    52
       Ration            |       |       |     1 |     5 |     1 ||     7
Armor: Plate armour      |   214 |   150 |   221 |   367 |   115 ||  1067
Dodge: Dodged            |    15 |    18 |    44 |   172 |    53 ||   302
